 Dungeon Crawl Stone Soup version 0.19.3-4-gbf9329e (webtiles) character file.

207 pib the Skirmisher (level 5, -3/47 HPs)
             Began as a Draconian Fighter on Jan 29, 2017.
             Killed by nerve-wracking pain
             ... invoked by Grinder
              (6 damage)
             ... on level 3 of the Dungeon.
             The game lasted 00:05:10 (2536 turns).

pib the Skirmisher (Draconian Fighter)              Turns: 2536, Time: 00:05:11

Health: -3/47      AC:  7    Str: 17 (19) XL:     5   Next: 54%
Magic:  5/5        EV: 16    Int:  5 (8)  God:
Gold:   66         SH:  9    Dex: 14 (16) Spells: 0 memorised, 4 levels left

rFire  + + .     SeeInvis .     t - +0 morningstar
rCold  + . .     Gourm    .     (armour unavailable)
rNeg   . . .     Faith    .     b - +0 shield
rPois  +         Spirit   .     (helmet restricted)
rElec  +         Reflect  .     (no cloak)
rCorr  +         Harm     .     j - +0 pair of gloves
MR     .....                    m - +0 pair of boots
Stlth  ++........               (no amulet)
                                (no ring)
                                n - ring of protection from fire

@: agile, resistant, flying, very slightly contaminated, invisible
A: unfitting armour, cold-blooded, AC +5
a: no special abilities


You were on level 3 of the Dungeon.
You were not hungry.

You visited 1 branch of the dungeon, and saw 3 of its levels.

You collected 66 gold pieces.

Inventory:

Hand Weapons
 a - a +0 trident
 k - a +0 club
 t - a +0 morningstar (weapon)
Armour
 b - a +0 shield (worn)
 j - a +0 pair of gloves (worn)
 m - a +0 pair of boots (worn)
Jewellery
 n - a ring of protection from fire (left hand)
Scrolls
 e - 6 scrolls of identify
 o - a scroll of recharging {unknown}
 p - a scroll of remove curse {unknown}
 r - a scroll of enchant weapon {unknown}
 u - a scroll of magic mapping {unknown}
Comestibles
 c - 4 chunks of flesh
 d - 6 bread rations
 g - a slice of pizza
 h - a meat ration


   Skills:
 + Level 4.7 Fighting
 + Level 0.4 Maces & Flails
 - Level 3.0 Polearms
 + Level 3.6 Dodging
 + Level 4.0 Shields


You had 4 spell levels left.
You didn't know any spells.

Dungeon Overview and Level Annotations

Branches:
Dungeon (3/15)

Altars:
Cheibriados
Fedhas
Okawaru
Qazlal

Annotations:
D:3 Grinder


Innate Abilities, Weirdness & Mutations

Your plain brown scales are hard. (AC +5)
You cannot fit into any form of body armour.
You are cold-blooded and may be slowed by cold attacks.


Message History

You fade into invisibility!
You block Grinder's attack.
You are very lightly contaminated with residual magic.
Grinder gestures at you. Pain shoots through your body!
* * * LOW HITPOINT WARNING * * *
It was a potion of agility.
You feel agile all of a sudden.
Grinder blinks!
It was a potion of degeneration.
There was something very wrong with that liquid.
You feel weakened.
You feel dopey.
You feel clumsy. Grinder gestures at you.
You barely resist.
Grinder says, "Mostly I couldn't keep them alive."
Grinder gestures at you. You resist with significant effort.
Grinder gestures at you. Pain shoots through your body!
You die...

##+#...≈.≈.≈≈≈...# #.##.###.
##........≈.≈.....# #.##.# #.
##..<.....$........# #.##.###.
##.......######.#.# #.##..##.
#.........####....#######........
+.....>...'.5....................
#............#....#########....##
...####.####.##....# #...### #..
.. # .##@#.# #.#.### #.. ...
#.......# #...... #.
....#..####.# ###.### _..... .#
#<# ..# .# #.# . .# #.### #....
#..## #..##


You could see Grinder.

Vanquished Creatures
  2 orc priests (D:3)
  5 adders
  An ooze (D:3)
  A worm (D:2)
  3 dart slugs
  3 leopard geckos
  9 orcs (D:3)
  A ball python (D:1)
  3 giant cockroaches
  7 goblins
  8 hobgoblins
  4 jackals
  9 kobolds
  12 bats
  4 frilled lizards
  8 rats
80 creatures vanquished.

Notes
Turn   | Place    | Note
-------+----------+-------------------------------------------
     0 | D:1      | pib the Draconian Fighter began the quest for the Orb.
     0 | D:1      | Reached XP level 1. HP: 19/19 MP: 1/1
   231 | D:1      | Reached XP level 2. HP: 26/26 MP: 2/2
   859 | D:2      | Reached XP level 3. HP: 31/33 MP: 3/3
   967 | D:2      | Found a snail-covered altar of Cheibriados.
  1121 | D:2      | Found an iron altar of Okawaru.
  1227 | D:2      | Reached XP level 4. HP: 40/40 MP: 4/4
  1567 | D:3      | Found a stormy altar of Qazlal.
  1570 | D:3      | Found a blossoming altar of Fedhas.
  1571 | D:3      | Noticed Grinder
  1842 | D:3      | Reached XP level 5. HP: 7/47 MP: 5/5
  2526 | D:3      | Paralysed by Grinder for 2 turns
  2531 | D:3      | HP: 2/47 [Grinder/nerve-wracking pain (2)]
  2536 | D:3      | Killed from afar by Grinder

Skill      XL: |  1  2  3  4  5 |
---------------+----------------+-----
Dodging        | 3 |  3.6
Fighting       | 4 |  4.7
Polearms       | 3 |  3.0
Shields        | 4 |  4.0
Maces & Flails | |  0.4

Action                   |  1- 3 |  4- 6 || total
-------------------------+-------+-------++-------
Melee: Trident           |   124 |   124 ||   248
       Tailslap          |     8 |    12 ||    20
       Morningstar       |       |     8 ||     8
  Use: Potion            |       |     6 ||     6
       Scroll            |       |     1 ||     1
 Stab: Sleeping          |     1 |       ||     1
  Eat: Chunk             |     1 |     5 ||     6
Armor: Skin              |    35 |    38 ||    73
Dodge: Dodged            |    57 |    44 ||   101
Block: Shield            |    38 |    46 ||    84
